AoeStats
← soyshishigank

Arena

509385823Analyzed
1v1 RM · 5d ago on Sep 26, 2026· 43m 44s· 2 players
Game mode
Random Map
Map size
Tiny (2 player)
Population
200
Speed
Normal
Resources
Standard
Victory
Conquest
Starting age
Dark Age
Ending age
Imperial Age
RankedLock teamsTeams togetherTeam positionsShared explorationLock speedFull tech treeHidden civsTurbo modeCheats
Victory
Defeat
🇨🇱 Goths · Chile
772
+14
737
-14
El Cachero de las Pampas
10:21 Feudal Age
11:05 Double-Bit Axe
15:38 Castle Age
17:08 Forging
17:43 Fervor
20:40 Stone Mining
20:42 Gold Mining
20:58 Loom
26:59 Iron Casting
27:35 Wheelbarrow
27:34 Scale Barding Armor
30:11 Treadmill Crane
33:46 Imperial Age
32:20 Bow Saw
33:26 Gold Shaft Mining
33:24 Chain Barding Armor
33:05 Scale Mail Armor
33:22 Fortified Wall
33:23 Masonry
33:10 Murder Holes
33:33 Husbandry
34:27 Hand Cart
34:59 Ballistics
35:02 Chain Mail Armor
35:24 Conscription
36:26 Chemistry
34:52 Capped Ram
35:23 Cavalier
36:57 Chivalry
37:07 Elite Skirmisher
39:10 Elite Throwing Axeman
42:39 Paladin
soyshishigank
10:40 Feudal Age
12:23 Loom
15:02 Castle Age
13:40 Double-Bit Axe
17:05 Bow Saw
24:50 Forging
25:46 Scale Mail Armor
27:31 Horse Collar
28:16 Heavy Plow
29:27 Anarchy
30:47 Wheelbarrow
29:49 Pikeman
30:32 Squires
33:43 Imperial Age
32:04 Hand Cart
32:11 Chain Mail Armor
32:54 Iron Casting
32:51 Town Watch
32:47 Man-at-Arms
34:23 Ballistics
33:29 Long Swordsman
34:26 Perfusion
35:30 Blast Furnace
33:55 Halberdier
34:34 Gold Mining
34:38 Stone Mining
34:14 Two-Handed Swordsman
34:55 Champion
39:53 Elite Huskarl
43:23 Chemistry
Connection lost

Rejoining the realm…

Still unreachable

The connection could not be restored.

Session expired

The server has moved on; the page needs a fresh start.